 Dungeon Crawl Stone Soup version 0.26.1-11-gd32895ea62 (webtiles) character file.

Game seed: 8446671681595658071

50 Zeld the Sneak (level 3, -2/24 HPs)
             Began as an Octopode Brigand on May 13, 2021.
             Slain by an adder (3 damage)
             ... on level 2 of the Dungeon.
             The game lasted 00:01:53 (1813 turns).

Zeld the Sneak (Octopode Brigand)                   Turns: 1813, Time: 00:01:53

Health: -2/24      AC:  1    Str: 11    XL:     3   Next: 79%
Magic:  3/3        EV: 13    Int: 13    God:
Gold:   91         SH:  0    Dex: 13    Spells: 2/2 levels left

rFire    . . .     SeeInvis .   a - +2 dagger
rCold    . . .     Faith    .   (no shield)
rNeg     . . .     Spirit   .   (helmet restricted)
rPois    .         Reflect  .   (no amulet)
rElec    .         Harm     .   (no ring)
rCorr    .         Rampage  .   (no ring)
Will     .....                  (no ring)
Stlth    ++++......             (no ring)
HPRegen  0.08/turn              (no ring)
MPRegen  0.08/turn              (no ring)
                                (no ring)
                                (no ring)

@: lethally poisoned (-2 -> -6)
A: almost no armour, stealthy swim, amphibious, 8 rings, constrict 8, camouflage
1, gelatinous body 1
a: no special abilities


You were on level 2 of the Dungeon.
You visited 1 branch of the dungeon, and saw 3 of its levels.

You collected 91 gold pieces.

Inventory:

Hand Weapons
 a - a +2 dagger (weapon)
Missiles
 b - 8 poisoned darts (quivered)
 c - 2 curare-tipped darts
Scrolls
 d - 4 scrolls of remove curse {unknown}
 e - a scroll of fog {unknown}
 g - a scroll of teleportation {unknown}
 h - a scroll of identify {unknown}
Potions
 f - a potion of flight {unknown}
 i - 2 potions of degeneration {unknown}


   Skills:
 - Level 2.0 Fighting
 - Level 2.0 Short Blades
 * Level 4.0 Throwing
 - Level 1.0 Dodging
 - Level 5.3 Stealth


You had 2 spell levels left.
You didn't know any spells.
Your spell library was empty.

Dungeon Overview and Level Annotations

Branches:
Dungeon (3/15)

Altars:
Cheibriados
Wu Jian
The Shining One


Innate Abilities, Weirdness & Mutations

You cannot wear most types of armour.
You are very stealthy in the water. (Stealth+)
You are amphibious.
You can wear up to eight rings at the same time.
You can use your tentacles to constrict eight enemies at once.
Your skin changes colour to match your surroundings (Stealth+).
Your rubbery body absorbs attacks. (AC +1, EV +1)


Message History

You are too injured to fight recklessly!
Unknown command.
You are too injured to fight recklessly!
You are too injured to fight recklessly!
You hit the adder. Your grab misses the adder.
The adder is lightly wounded.
You feel sick.
The rat barely misses you. x2; The adder bites you.
* * * LOW HITPOINT WARNING * * *
Unknown command.
You hit the adder. Your grab misses the adder. Your squeeze misses the adder.
The adder is moderately wounded.
The adder bites you.
* * * LOW HITPOINT WARNING * * *
The rat misses you. The rat closely misses you.
Unknown command.
You barely miss the adder. Your grab misses the adder.
The adder is moderately wounded.
* * * LOW HITPOINT WARNING * * *
You feel sick. The adder bites you.
You die...

##..##..§§§§≈#.# ###
#..###.'≈>⌠§#.# ##### #..#
#.#≈≈≈≈#.# #...# #..#
#.######.# #.#.#
#..###........# #.#.#
#..##.....).###
#.#.####..##.#...#.#######
#.#.....S.r..#.###........
#.#######@r..#.##.........
#.# ###....##......... #.#
#######......... #.#
#.(.....#....... ######.#
#.#######....... #......#
#.##############
###......# #.##.....#
........## #.##.....#
...#.#### #.##.....#


You could see an adder and 2 rats.

Vanquished Creatures
  An adder (D:2)
  A worm (D:2)
  A dart slug (D:2)
  A leopard gecko (D:1)
  A ball python (D:3)
  3 bats (D:1)
  3 giant cockroaches
  6 goblins
  3 hobgoblins
  6 kobolds
  A frilled lizard (D:2)
  7 rats
34 creatures vanquished.

Notes
Turn   | Place    | Note
-------+----------+-------------------------------------------
     0 | D:1      | Zeld the Octopode Brigand began the quest for the Orb.
     0 | D:1      | Reached XP level 1. HP: 14/14 MP: 1/1
   277 | D:1      | Reached XP level 2. HP: 9/19 MP: 2/2
  1040 | D:2      | Reached XP level 3. HP: 24/24 MP: 3/3
  1096 | D:2      | Found a snail-covered altar of Cheibriados.
  1362 | D:2      | Found a glowing golden altar of the Shining One.
  1521 | D:2      | Found an ornate altar of the Wu Jian Council.
  1813 | D:2      | HP: 1/24 [poisoned by an adder]
  1813 | D:2      | Slain by an adder

Illustrated notes

Levels and vault maps discovered:
D:1:      mrwooster_arrival_statue, layout_basic
D:2:      layout_basic, lemuel_coloured_pillars_altar, general_overflow_altar,
          nicolae_tso_swordbearing_angel
D:3:      layout_rooms, kennysheep_nub

Skill      XL: |  1  2  3 |
---------------+----------+-----
Throwing       | 3 4 |  4.0
Fighting       | |  2.0
Short Blades   | |  2.0
Dodging        | |  1.0
Stealth        | |  5.3

Action                   || total
-------------------------++-------
Melee: Dagger            ||    77
       Constrict         ||    20
       Tentacles         ||     7
 Stab: Sleeping          ||     7
Armor: Skin              ||     7
Dodge: Dodged            ||    53
